Map: Acid Plant LE

Players

Pure

  • Race: Protoss Protoss
  • Spawn Location: 11:00

Cuddlebear - Winner!

  • Race: Terran Terran
  • Spawn Location: 5:00

Event: WCS Montreal 2018

VOD

Have the link to the VOD?

Description

Time

  • Played on: Sept. 7, 2018, 1:59 p.m.
  • Length: 12:56

All games in this series

Show
View Real Time Build Order
Export as new Build Order

Pure Protoss 

Build Orders: 1 Gate Expand, Phoenix Opening 

Get SALT Encoding   

  12  0:01  Probe  
  13  0:13  Probe  
  14  0:17  Pylon  
  14  0:23  Probe  
  15  0:32  Probe  
  15  0:37  Gateway  
  15  0:40  Probe  
  17  0:50  Assimilator  
  17  0:51  Probe  
  18  1:03  Probe  
  19  1:20  Nexus  
  19  1:31  Cybernetics Core  
  19  1:34  Probe  
  20  1:40  Assimilator  
  20  1:47  Probe  
  21  1:49  Pylon  
  21  1:59  Probe  
  21  2:01  Adept  
  24  2:12  Probe  
  25  2:17  Stargate  
  25  2:24  Probe  
  25  2:25  Adept  
  28  2:31  Warp Gate  
  28  2:36  Probe  
  29  2:37  Probe  
  30  2:48  Probe  
  31  2:52  Phoenix, Probe  
  32  3:03  Probe  
  32  3:05  Probe  
  36  3:15  Probe  
  36  3:17  Phoenix, Probe  
  41  3:27  Probe  
  41  3:29  Probe  
  42  3:39  Probe  
  43  3:41  Probe  
  43  3:43  Phoenix  
  43  3:47  Nexus  
  46  3:59  Pylon  
  46  4:06  Forge  
  46  4:07  Gateway  
  46  4:08  Twilight Council  
  46  4:17  Phoenix, Probe  
  49  4:28  Charge  
  49  4:30  Probe  
  48  4:35  Gateway  
  48  4:36  Protoss Ground Armor Level 1  
  48  4:37  Gateway  
  45  4:38  Pylon  
  45  4:39  Stalker  
  45  4:52  Phoenix  
  46  4:53  Probe  
  46  4:59  Probe  
  48  5:01  Probe, Assimilator x2  
  48  5:05  Shield Battery, Probe  
  50  5:07  Zealot  
  50  5:11  Probe  
  50  5:13  Probe  
  54  5:17  Probe  
  55  5:23  Probe  
  55  5:25  Probe  
  57  5:28  Gateway  
  57  5:29  Probe  
  58  5:35  Probe  
  58  5:42  Zealot x3  
  63  5:49  Probe x2  
  67  5:53  Probe  
  67  5:56  Pylon  
  68  6:01  Probe  
  68  6:02  Probe  
  68  6:03  Zealot x2  
  74  6:04  Robotics Facility  
  74  6:06  Protoss Ground Armor Level 2  
  74  6:07  Zealot  
  76  6:11  Probe  
  76  6:14  Probe  
  76  6:18  Probe  
  79  6:19  Pylon  
  79  6:26  Zealot  
  79  6:27  Zealot  
  79  6:28  Zealot  
  85  6:36  Pylon  
  85  6:37  Probe x3  
  88  6:48  Blink  
  88  6:49  Probe  
  88  6:51  Observer  
  90  6:57  Stalker x2, Robotics Bay, Sentry  
  90  6:58  Robotics Facility, Sentry  
  96  7:02  Probe  
  96  7:03  Probe  
  96  7:08  Immortal  
  96  7:15  Probe  
  97  7:25  Probe  
  97  7:27  Stalker  
  97  7:28  Pylon  
  100  7:31  Pylon  
  100  7:36  Probe  
  101  7:40  Pylon  
  101  7:42  Assimilator  
  101  7:44  Assimilator  
  101  7:49  Colossus  
  101  7:50  Oracle  
  102  7:58  Colossus  
  111  8:09  Zealot x4  
  117  8:19  Protoss Ground Weapons Level 1  
  117  8:28  Probe x2  
  117  8:32  Probe  
  117  8:41  Probe x2  
  117  8:49  Pylon  
  117  8:52  Extended Thermal Lance  
  117  8:54  Pylon, Gateway  
  117  8:56  Pylon  
  117  8:58  Gateway  
  117  8:59  Pylon  
  117  9:07  Colossus, Probe x2  
  117  9:08  Colossus  
  125  9:12  Probe  
  132  9:17  Stalker x2  
  132  9:19  Stalker, Probe x2  
  137  9:45  Probe x2  
  132  10:10  Nexus  
  132  10:14  Pylon  
  128  10:33  Pylon  
  128  10:34  Pylon  
  128  10:35  Pylon x2  
  114  10:36  Pylon x2  
  113  10:47  Disruptor x2  
  113  10:54  Pylon  
  113  10:55  Nexus  
  113  10:58  Pylon  
  113  10:59  Pylon  
  119  11:05  Probe x2  
  121  11:12  Pylon  
  121  11:16  Stalker x4  
  121  11:17  Probe  
  127  11:22  Disruptor  
  130  11:28  Disruptor  
  130  11:30  Pylon  
  123  11:49  Stalker x3  
  123  11:50  Stalker, Zealot  
  123  11:54  Disruptor  
  123  11:55  Probe x2  
  118  12:06  Disruptor  
  114  12:17  Assimilator  
  114  12:19  Assimilator  
  117  12:26  Stalker x3  
  123  12:33  Stalker x2  
Show
View Real Time Build Order
Export as new Build Order

Cuddlebear Terran - Winner!

Build Orders: Gas First Reaper Expand, Reaper Expand, MMM Bio 

Get SALT Encoding   

  12  0:00  SCV  
  13  0:12  SCV  
  14  0:17  Supply Depot  
  14  0:25  SCV  
  14  0:27  Refinery  
  15  0:39  SCV  
  16  0:45  Barracks  
  16  0:51  SCV  
  17  1:03  SCV  
  18  1:15  SCV  
  19  1:32  Reaper, Orbital Command  
  20  1:46  Command Center  
  20  1:57  SCV  
  21  2:05  Factory  
  21  2:07  Barracks Reactor  
  21  2:11  SCV  
  22  2:16  Supply Depot  
  22  2:24  SCV  
  22  2:27  Refinery  
  23  2:38  SCV  
  24  2:50  SCV  
  25  2:56  Hellion x2  
  28  3:01  Orbital Command  
  28  3:02  SCV  
  29  3:07  Marine  
  30  3:14  SCV  
  30  3:17  Cyclone x2  
  37  3:26  SCV  
  38  3:32  SCV  
  38  3:38  SCV  
  39  3:44  SCV  
  40  3:49  Cyclone x2  
  40  3:51  Supply Depot  
  46  4:02  Supply Depot  
  46  4:08  Supply Depot  
  46  4:10  Engineering Bay  
  46  4:12  SCV x2  
  46  4:24  SCV x2  
  46  4:33  Cyclone x2  
  46  4:36  SCV x2  
  54  4:48  SCV x2  
  53  4:57  Command Center, Missile Turret  
  53  4:59  Missile Turret  
  48  5:01  SCV  
  48  5:06  Widow Mine x2  
  53  5:07  Barracks Tech Lab  
  53  5:09  SCV  
  53  5:13  SCV  
  55  5:22  SCV  
  55  5:26  SCV, Terran Infantry Weapons Level 1, Barracks  
  55  5:27  Widow Mine x2  
  55  5:28  Stimpack, Barracks  
  61  5:34  SCV  
  60  5:36  Marine  
  60  5:38  SCV  
  61  5:46  SCV  
  63  5:50  SCV, Widow Mine x2  
  63  5:55  Marine  
  67  5:58  SCV  
  67  5:59  Barracks  
  67  6:00  Barracks  
  67  6:01  Refinery  
  67  6:02  SCV, Refinery  
  69  6:10  SCV  
  70  6:19  SCV  
  70  6:20  Barracks Reactor, Barracks Tech Lab  
  70  6:21  Starport, Orbital Command  
  70  6:22  SCV  
  72  6:26  Factory Reactor  
  72  6:29  Marine  
  72  6:31  SCV  
  72  6:32  Supply Depot  
  74  6:33  Supply Depot  
  74  6:34  SCV  
  75  6:43  SCV  
  75  6:45  Orbital Command  
  75  6:46  SCV, Marine  
  78  6:49  Marauder, Barracks Tech Lab  
  78  6:50  Barracks Reactor  
  79  6:55  SCV  
  79  6:58  SCV, Marine  
  82  7:05  Marauder, Marine  
  82  7:07  SCV  
  82  7:08  Medivac, Widow Mine x2  
  92  7:10  SCV  
  92  7:11  Marauder, SCV  
  94  7:16  Marine  
  94  7:17  Marauder  
  94  7:19  Missile Turret, SCV  
  94  7:20  Refinery  
  98  7:22  Marine  
  98  7:23  SCV x2, Refinery  
  98  7:27  Terran Infantry Armor Level 1  
  98  7:28  Supply Depot  
  98  7:29  Combat Shields  
  101  7:30  Concussive Shells  
  101  7:49  SCV x2, Marine x4  
  101  7:50  Marauder  
  109  8:12  SCV, Marine x2  
  109  8:13  Marine  
  109  8:14  Widow Mine  
  109  8:17  Marine  
  109  8:19  Marine  
  106  8:20  Marauder x2  
  106  8:21  SCV  
  109  8:27  Supply Depot x2  
  109  8:28  Barracks  
  109  8:30  Barracks  
  109  8:31  SCV, Barracks  
  109  8:32  Medivac x2, Marine x3  
  109  8:33  SCV x2, Widow Mine  
  116  8:35  Marine  
  116  8:36  Widow Mine  
  116  8:37  Marine  
  118  8:41  Marauder x2  
  118  8:43  SCV  
  118  8:45  SCV  
  124  8:50  Marine x3  
  124  8:53  Marine  
  124  8:54  SCV  
  129  9:00  Engineering Bay, Armory, Marine  
  136  9:03  Marauder x2  
  136  9:04  Medivac  
  136  9:05  Medivac  
  136  9:09  Marauder  
  140  9:30  Marine  
  141  9:33  Barracks Tech Lab  
  141  9:34  Barracks Tech Lab  
  141  9:35  Barracks Tech Lab  
  141  9:38  Ghost Academy, Marine x2  
  141  9:39  Command Center, Marine  
  141  9:40  Marauder  
  141  9:43  Command Center  
  140  9:48  Marine  
  141  10:03  Marauder  
  141  10:09  Marine x4, Supply Depot  
  141  10:10  Marauder x2, Supply Depot x2  
  141  10:11  Marauder, Terran Infantry Weapons Level 2, Terran Infantry Armor Level 2  
  141  10:14  Supply Depot  
  149  10:15  Supply Depot  
  149  10:16  Supply Depot  
  149  10:23  Marine  
  149  10:24  Marauder  
  149  10:25  Marauder  
  149  10:27  Marine  
  149  10:28  Marauder  
  149  10:31  Marauder, Marine  
  149  10:32  Marauder x2  
  149  10:35  Marine  
  157  10:41  Marine  
  158  10:44  SCV  
  158  10:45  Marine  
  158  10:46  Medivac x2, Marauder x2  
  158  10:49  Marine  
  169  10:50  Marine  
  169  10:53  Marauder  
  169  10:55  Marauder, Marine x2, Supply Depot  
  176  11:03  Marine  
  177  11:05  Marine  
  177  11:07  Marauder, Marine  
  177  11:09  Marine  
  177  11:10  Marauder  
  182  11:13  Marauder, Marine  
  182  11:15  Marauder  
  182  11:16  Marine  
  182  11:17  Missile Turret  
  188  11:21  Marine  
  188  11:24  Planetary Fortress, Marine  
  192  11:26  Marauder  
  192  11:28  Marauder  
  192  11:29  Marine  
  192  11:31  Marauder  
  196  11:35  Marauder, Marine  
  196  11:44  Marine  
  196  11:45  Marauder  
  196  11:46  Marine  
  196  11:47  Marauder  
  169  11:48  Marauder, Marine  
  169  11:51  Marauder  
  169  11:52  Marine x2  
  163  11:56  Marauder  
  157  12:02  Marine  
  157  12:04  Marine  
  157  12:05  Marine  
  157  12:06  Marauder  
  157  12:08  Marauder  
  159  12:10  Marauder, Marine  
  159  12:11  Marauder  
  159  12:13  Marauder  
  164  12:17  Planetary Fortress  
  164  12:18  Marauder  
  164  12:19  Starport  
  164  12:20  Marine  
  164  12:22  Marine  
  168  12:23  Marine  
  168  12:27  Marauder  
  168  12:29  Marauder, SCV x2  
  176  12:30  SCV x2  
  176  12:31  Marauder  
  176  12:36  Marine  
Tags
 
Add a new tag
Caveats
  • Supply blocks, unpowered buildings, or Contaminate may cause inaccurate times.
  • Supply counts are checked every 10 seconds.